 Dungeon Crawl Stone Soup version 0.22-a0-322-g60b3cfd (webtiles) character file.

767959 theanonym the Executioner (level 27, -11/266 HPs)
             Began as a Minotaur Gladiator on Apr 4, 2018.
             Was the Champion of Makhleb.
             Mangled by a glaive of chopping (29 damage)
             ... on level 10 of a ziggurat.
             The game lasted 03:14:07 (64315 turns).

theanonym the Executioner (Minotaur Gladiator)     Turns: 64315, Time: 03:14:08

Health: -11/266    AC: 20    Str: 35    XL:     27
Magic:  0/39       EV: 21    Int: 15    God:    Makhleb [******]
Gold:   4107       SH:  0    Dex: 18    Spells: 17/53 levels left

rFire    + + .     SeeInvis .   b - +9 executioner's axe (flame)
rCold    + + .     Gourm    .   (shield currently unavailable)
rNeg     . . .     Faith    .   H - +9 gold dragon scales
rPois    +         Spirit   +   O - +1 hat
rElec    +         Reflect  .   M - scarf {Spirit}
rCorr    +         Harm     .   U - +2 pair of gloves {Str+3}
MR       ++++.                  X - +2 pair of boots of Fiegig {Dex+4}
Stlth    ..........             C - amulet of Pragmatism {Regen+ Int+4}
HPRegen  0.94/turn              A - ring "Usairasmi" {rF+ MR++ Str+3 Int+3}
MPRegen  0.26/turn              K - ring "Suapeaci" {rCorr rElec rC+ Str+2}

@: singing, corroded
A: retaliatory headbutt, horns 2, no potion heal 1, subdued magic 1
}: 5/15 runes: decaying, serpentine, slimy, silver, abyssal
a: Minor Destruction, Lesser Servant of Makhleb, Major Destruction, Greater
Servant of Makhleb, Renounce Religion


Innate Abilities, Weirdness & Mutations

You reflexively headbutt those who attack you in melee.
You have a pair of horns on your head.
Potions are less effective at restoring your health.
Your spells are a little easier to cast, but a little less powerful.


   Skills:
 - Level 25.0 Fighting
 - Level 26.0 Axes
 - Level 4.2 Throwing
 - Level 20.0 Armour
 - Level 21.1 Dodging
 + Level 13.5 Spellcasting
 - Level 8.6 Hexes
 - Level 9.4 Charms
 * Level 14.7 Necromancy
 - Level 17.0 Invocations


You had 17 spell levels left.
You knew the following spells:

 Your Spells              Type           Power        Failure   Level  Hunger
a - Spectral Weapon       Hex/Chrm       ####....     2%          3    None
b - Dispel Undead         Necr           #####...     2%          5    ####...
c - Song of Slaying       Chrm           ####....     1%          2    None
e - Lesser Beckoning      Tloc           #.........   80%         3    None
k - Necromutation         Tmut/Necr      ###.......   100%        8    #######
q - Apportation           Tloc           #.....       41%         1    None
r - Regeneration          Chrm/Necr      #####.....   1%          3    None
t - Deflect Missiles      Chrm/Air       ###.......   100%        6    ######.
x - Aura of Abjuration    Summ           #.........   100%        5    ####...

Skill      XL: |  1  2  3  4  5  6  7  8  9 10 11 12 13 14 15 16 17 18 19 20 21 22 23 24 25 26 27 |
---------------+----------------------------------------------------------------------------------+-----
Axes           | 4 5 8 10 13 14 16 17 18 20 21 22 23 24 25 26 | 26.0
Fighting       | 3 4 5 6 8 10 11 12 13 15 16 17 18 19 20 21 22 23 24 25 | 25.0
Dodging        | 4 5 6 7 9 10 13 16 19 21 | 21.1
Throwing       | 3 4 |  4.2
Invocations    | 3 4 6 11 13 14 15 16 17 | 17.0
Armour         | 6 9 11 13 15 17 18 19 20 | 20.0
Necromancy     | 3 6 10 14 | 14.7
Spellcasting   | 3 6 10 13 | 13.5
Charms         | 9 |  9.4
Hexes          | 8 |  8.6

Action                   |  1- 3 |  4- 6 |  7- 9 | 10-12 | 13-15 | 16-18 | 19-21 | 22-24 | 25-27 || total
-------------------------+-------+-------+-------+-------+-------+-------+-------+-------+-------++-------
Melee: War axe           |    73 |   113 |   334 |   427 |       |       |       |       |       ||   947
       Headbutt          |     7 |    15 |    64 |   127 |   177 |   288 |   337 |   232 |   694 ||  1941
       Executioner's axe |       |       |       |   135 |   806 |   945 |  1159 |   828 |  2029 ||  5902
Throw: Throwing net      |       |     2 |     3 |     4 |     1 |       |       |       |       ||    10
 Cast: Regeneration      |       |       |       |       |       |       |       |       |    27 ||    27
       Song of Slaying   |       |       |       |       |       |       |       |       |     4 ||     4
       Spectral Weapon   |       |       |       |       |       |       |       |       |     2 ||     2
       Lesser Beckoning  |       |       |       |       |       |       |       |       |     1 ||     1
Invok: Lesser Servant of |       |       |       |       |    11 |    13 |     5 |     1 |     3 ||    33
       Minor Destruction |       |       |       |       |     1 |       |       |       |       ||     1
       Greater Servant o |       |       |       |       |       |       |       |       |     8 ||     8
 Abil: Evoke Berserk Rag |       |       |       |     1 |     1 |       |       |       |       ||     2
Evoke: Wand              |       |       |       |    12 |    47 |     1 |       |       |     2 ||    62
       Lamp of fire      |       |       |       |       |       |     1 |       |     1 |       ||     2
       Lightning rod     |       |       |       |       |       |       |       |       |     1 ||     1
  Use: Scroll            |       |    10 |     8 |    17 |    11 |    11 |    21 |    15 |    31 ||   124
       Potion            |       |     2 |       |     4 |     6 |     6 |     3 |     2 |    14 ||    37
 Stab: Held in net/web   |       |       |     1 |     1 |       |       |       |       |       ||     2
       Paralysed         |       |       |       |     5 |     5 |       |       |       |       ||    10
       Distracted        |       |       |       |       |     1 |     2 |     2 |     2 |     9 ||    16
       Petrifying        |       |       |       |       |     1 |       |       |       |       ||     1
       Petrified         |       |       |       |       |     1 |       |       |       |       ||     1
       Confused          |       |       |       |       |       |     1 |       |       |       ||     1
  Eat: Chunk             |     1 |     6 |    12 |    10 |    20 |     8 |    16 |    11 |    14 ||    98
       Ration            |       |       |     1 |     3 |     6 |     8 |     4 |     4 |    18 ||    44
Armor: Ring mail         |    23 |       |       |       |       |       |       |       |       ||    23
       Leather armour    |     1 |       |       |       |       |       |       |       |       ||     1
       Chain mail        |     7 |    26 |       |       |       |       |       |       |       ||    33
       Skin              |       |     3 |     3 |       |     1 |       |       |       |    10 ||    17
       Plate armour      |       |       |   131 |   304 |   580 |   802 |   540 |   300 |    71 ||  2728
       Gold dragon scale |       |       |       |       |       |       |       |       |  1013 ||  1013
Dodge: Dodged            |    45 |    63 |   110 |   239 |   449 |   634 |   693 |   594 |  1678 ||  4505

Inventory:

Hand Weapons
 a - a +9 executioner's axe of freezing
   (You acquired it on level 12 of the Dungeon)
 b - a +9 executioner's axe of flaming (weapon)
   (You subdued it on level 2 of the Elven Halls)
Missiles
 F - 3 throwing nets (quivered)
Armour
 H - +9 gold dragon scales (worn)
   (You found it on level 4 of the Depths)
 M - a scarf of spirit shield (worn)
   (You acquired it on level 3 of the Lair of Beasts)
 O - a +1 hat (worn)
   (You took it off Gastronok on level 8 of the Dungeon)
 U - a +2 pair of gloves of strength (worn)
   (You acquired it on level 6 of the Lair of Beasts)
 X - the +2 pair of boots of Fiegig (worn) {Dex+4}
   (You found it on level 4 of the Depths)

   It affects your dexterity (+4).
Jewellery
 g - the ring "Fuannev" {*Corrode Str+4 Int+4 Slay+1}
   (You found it in a treasure trove)

   [ring of slaying]

   It affects your strength (+4).
   It affects your intelligence (+4).
   It affects your accuracy and damage with ranged weapons and melee attacks
   (+1).
   It may corrode you when you take damage.
 p - the ring of the Endless Coins {+Fly rC+ Int+4}
   (You found it on level 3 of the Depths)

   [ring of flight]

   It affects your intelligence (+4).
   It protects you from cold.
   It lets you fly.
 z - the ring "Liap" {rF+ MR++ EV+2 Str+4 Dex-2}
   (You took it off an ironbrand convoker on level 5 of the Vaults)

   [ring of evasion]

   It affects your evasion (+2).
   It affects your strength (+4).
   It affects your dexterity (-2).
   It protects you from fire.
   It affects your resistance to hostile enchantments.
 A - the ring "Usairasmi" (left hand) {rF+ MR++ Str+3 Int+3}
   (You found it in a treasure trove)

   [ring of protection from fire]

   It affects your strength (+3).
   It affects your intelligence (+3).
   It protects you from fire.
   It affects your resistance to hostile enchantments.
 C - the amulet of Pragmatism (around neck) {Regen+ Int+4}
   (You found it in a treasure trove)

   [amulet of regeneration]

   It affects your intelligence (+4).
   It increases your rate of regeneration.
 G - the ring "Oclam" {*Contam rN++ Stlth+}
   (You bought it in a shop on level 2 of the Elven Halls)

   [ring of stealth]

   It greatly protects you from negative energy.
   It causes magical contamination when unequipped.
   It makes you more stealthy.
 J - the ring "Ebluil" {rPois Str+5 SInv}
   (You found it on level 3 of the Depths)

   [ring of poison resistance]

   It affects your strength (+5).
   It protects you from poison.
   It lets you see invisible.
 K - the ring "Suapeaci" (right hand) {rCorr rElec rC+ Str+2}
   (You found it in a treasure trove)

   [ring of resist corrosion]

   It affects your strength (+2).
   It protects you from cold.
   It insulates you from electricity.
Wands
 d - a wand of digging (29)
   (You found it on level 14 of the Dungeon)
 v - a wand of acid (75)
   (You found it on level 6 of the Lair of Beasts)
Scrolls
 f - 7 scrolls of fog
 n - 22 scrolls of remove curse
 r - 14 scrolls of identify
 t - 23 scrolls of teleportation {!r}
 y - 7 scrolls of magic mapping
 B - 14 scrolls of blinking
 I - 12 scrolls of immolation
 L - 5 scrolls of holy word
 T - 5 scrolls of silence
 Z - a scroll of fear
Potions
 h - 6 potions of haste
 j - 6 potions of agility
 k - 11 potions of brilliance
 m - 2 potions of might
 o - 6 potions of cancellation
 q - 13 potions of heal wounds
 s - 7 potions of ambrosia
 u - 2 potions of invisibility
 w - 20 potions of curing
 x - 18 potions of lignification
 D - 6 potions of magic
 Q - 11 potions of mutation
 R - 5 potions of berserk rage
 S - a potion of resistance
 V - 4 potions of flight
Miscellaneous
 i - 4 phantom mirrors
 l - a fan of gales
   (You found it on level 5 of a ziggurat)
 N - a lightning rod (4/4)
   (You found it on level 2 of the Lair of Beasts)
 W - a lamp of fire
   (You found it on level 6 of the Lair of Beasts)
 Y - a phial of floods
   (You found it on level 3 of the Elven Halls)
Comestibles
 e - 68 rations


You were on level 10 of a ziggurat.
You worshipped Makhleb.
Makhleb was exalted by your worship.
You were completely stuffed.

You visited 12 branches of the dungeon, and saw 58 of its levels.
You visited the Abyss 1 time.
You visited 1 ziggurat, and saw 10 of its levels.
You also visited: Trove, Ossuary, Ice Cave and Desolation.

You collected 10044 gold pieces.
You spent 5937 gold pieces at shops.

Dungeon Overview and Level Annotations

Branches:
Dungeon (15/15)            Temple (1/1) D:4            Lair (6/6) D:9
  Swamp (4/4) Lair:4        Snake (4/4) Lair:3        Slime (5/5) Lair:5
    Orc (2/2) D:11            Elf (3/3) Orc:2        Vaults (5/5) D:14
  Crypt (3/3) Vaults:2       Tomb (0/3) Crypt:3      Depths (5/5) D:15
    Zot (5/5) Depths:5

Altars:
Dithmenos
Elyvilon
Fedhas
Gozag
Kikubaaqudgha
Makhleb
Nemelex Xobeh
Okawaru
Sif Muna
Uskayaw
Vehumet
Wu Jian
Xom
The Shining One
Jiyva
Lugonu

Shops:
D:4 *   D:6 :   D:13 *   Orc:2 =(*[   Elf:2 =}}*   Elf:3 *!*?[   Snake:4 !([}
Vaults:2 [   Vaults:4 ?   Depths:3 (%

Portals:
Hell: Depths:1 Depths:2 Depths:3 Depths:4 Depths:5
Abyss: Depths:2 Depths:4
Pandemonium: Depths:1 Depths:3

Annotations:
Lair:4 exclusion: oklob plant
Zot:5 1 exclusion
Zig:10 exclusion: 4 oklob plants

▓▓▓▓▓▓▓▓▓▓▓
▓▓.........▓▓
▓▓...........▓▓
▓?....§.§...(.▓▓
}}....e()).....▓▓
|:...PPe(.......▓▓
)$...P.@e(.....∩.▓
}(....).)...(...▓▓
(|....§.P......▓▓
▓.....e.......▓▓
▓▓e....ee....▓▓
▓▓.........▓▓
▓▓▓▓▓▓▓▓▓▓▓


You could see a deep elf master archer, 4 oklob plants, 2 deep elf archers, 2
deep elf knights, a deep elf high priest (fleeing), a deep elf mage and a glaive
of chopping.

Notes
Turn   | Place    | Note
-------+----------+-------------------------------------------
     0 | D:1      | theanonym the Minotaur Gladiator began the quest for the Orb.
     0 | D:1      | Reached XP level 1. HP: 18/18 MP: 0/0
   109 | D:1      | Reached XP level 2. HP: 20/25 MP: 1/1
   278 | D:1      | Reached skill level 4 in Axes
   457 | D:2      | Reached skill level 3 in Fighting
   457 | D:2      | Reached XP level 3. HP: 29/31 MP: 2/2
  1172 | D:3      | Reached XP level 4. HP: 38/38 MP: 3/3
  1439 | D:3      | Reached skill level 4 in Dodging
  1835 | D:3      | Reached skill level 3 in Throwing
  2094 | D:4      | Found Cutsyf's Assorted Antiques.
  2103 | D:4      | HP: 19/39 [bullfrog skeleton (1)]
  2104 | D:4      | Reached XP level 5. HP: 13/46 MP: 4/4
  2145 | D:4      | HP: 23/46 [orc priest (2)]
  2147 | D:4      | HP: 8/46 [orc priest/divine providence (16)]
  2150 | D:4      | Reached skill level 4 in Fighting
  2162 | D:4      | HP: 2/46 [orc (5)]
  2313 | D:4      | HP: 20/46 [adder (5)]
  2315 | D:4      | Reached skill level 5 in Axes
  2321 | D:4      | HP: 18/46 [poisoned by an adder]
  2601 | D:4      | Noticed an ogre
  2602 | D:4      | HP: 23/46 [poisoned by a worker ant]
  2609 | D:4      | HP: 22/46 [poisoned by a worker ant]
  2617 | D:4      | HP: 21/46 [poisoned by a worker ant]
  2794 | D:4      | Noticed an ogre
  2807 | D:4      | Killed an ogre
  2807 | D:4      | Reached XP level 6. HP: 49/53 MP: 5/5
  2818 | D:4      | Found a staircase to the Ecumenical Temple.
  2825 | Temple   | Entered the Ecumenical Temple
  2845 | Temple   | Became a worshipper of Makhleb the Destroyer
  2907 | D:4      | HP: 9/53 [ogre/giant club (28)]
  2911 | D:4      | Reached skill level 4 in Throwing
  2911 | D:4      | Reached skill level 5 in Dodging
  3195 | D:4      | Found a shadowy altar of Dithmenos.
  3207 | D:4      | Reached skill level 5 in Fighting
  3207 | D:4      | Reached XP level 7. HP: 54/61 MP: 6/6
  3266 | D:4      | HP: 30/61 [orc wizard/dagger (3)]
  3270 | D:4      | Reached skill level 6 in Axes
  3597 | D:4      | Found a sparkling altar of Nemelex Xobeh.
  3650 | D:4      | Bought a bubbling coppery potion for 27 gold pieces
  3898 | D:5      | Entered Level 5 of the Dungeon
  3999 | D:5      | Reached skill level 7 in Axes
  4092 | D:5      | Noticed Goblin1989's ghost (novice GnTm)
  4115 | D:5      | Killed Goblin1989's ghost
  4115 | D:5      | Reached * piety under Makhleb
  4115 | D:5      | Reached skill level 6 in Fighting
  4115 | D:5      | Reached skill level 8 in Axes
  4115 | D:5      | Reached XP level 8. HP: 45/71 MP: 7/7
  4688 | D:5      | Reached skill level 7 in Fighting
  4688 | D:5      | Reached skill level 9 in Axes
  4942 | D:6      | Found a hide-covered altar of Uskayaw.
  4967 | D:6      | Found a sand-covered staircase.
  4972 | Ossuary  | Entered an ossuary
  5025 | Ossuary  | Reached skill level 10 in Axes
  5552 | D:6      | Reached ** piety under Makhleb
  5574 | D:6      | Found Banish's Book Shop.
  5828 | D:6      | Reached skill level 8 in Fighting
  6047 | D:6      | Reached XP level 9. HP: 80/81 MP: 8/8
  6264 | D:7      | Found a shimmering altar of Xom.
  6312 | D:7      | Found an opulent altar of Gozag.
  6469 | D:7      | Reached skill level 11 in Axes
  6832 | D:7      | Reached skill level 9 in Fighting
  6838 | D:7      | Reached skill level 12 in Axes
  7149 | D:8      | Reached *** piety under Makhleb
  7268 | D:8      | Noticed a two-headed ogre
  7277 | D:8      | Killed a two-headed ogre
  7277 | D:8      | Reached skill level 10 in Fighting
  7277 | D:8      | Reached skill level 13 in Axes
  7277 | D:8      | Reached XP level 10. HP: 72/93 MP: 9/9
  7284 | D:8      | Noticed Nib's ghost (novice OpAs)
  7304 | D:8      | HP: 46/93 [poisoned by Nib's ghost]
  7311 | D:8      | HP: 46/93 [poisoned by Nib's ghost]
  7312 | D:8      | Killed Nib's ghost
  7317 | D:8      | HP: 47/94 [poisoned by Nib's ghost]
  7322 | D:8      | HP: 41/94 [poisoned by Nib's ghost]
  7328 | D:8      | HP: 38/94 [poisoned by Nib's ghost]
  7334 | D:8      | HP: 35/94 [poisoned by Nib's ghost]
  7339 | D:8      | HP: 34/94 [poisoned by Nib's ghost]
  7346 | D:8      | HP: 34/94 [poisoned by Nib's ghost]
  7354 | D:8      | HP: 34/94 [poisoned by Nib's ghost]
  7577 | D:8      | Noticed Gastronok
  7668 | D:8      | Killed Gastronok
  7668 | D:8      | Reached skill level 11 in Fighting
  7668 | D:8      | Reached skill level 14 in Axes
  7668 | D:8      | Reached skill level 2 in Invocations
  8086 | D:9      | Reached skill level 3 in Invocations
  8188 | D:9      | Found an iron altar of Okawaru.
  8321 | D:9      | Found a staircase to the Lair.
  8359 | D:9      | Found a blossoming altar of Fedhas.
  8399 | D:9      | Reached XP level 11. HP: 94/102 MP: 12/12
  8655 | D:10     | Entered Level 10 of the Dungeon
  8677 | D:10     | Reached **** piety under Makhleb
  8726 | D:10     | Reached skill level 15 in Axes
  8965 | D:10     | Found an iron altar of Okawaru.
  8977 | D:10     | Reached skill level 4 in Invocations
  9007 | D:10     | Noticed a two-headed ogre
  9018 | D:10     | Killed a two-headed ogre
  9323 | Lair:1   | Entered Level 1 of the Lair of Beasts
  9332 | Lair:1   | HP: 47/104 [komodo dragon (23)]
  9335 | Lair:1   | HP: 22/104 [komodo dragon (19)]
  9729 | Lair:1   | Reached skill level 12 in Fighting
  9820 | Lair:1   | Reached skill level 1 in Armour
  9823 | Lair:1   | Reached skill level 16 in Axes
  9829 | Lair:1   | Reached skill level 2 in Armour
  9961 | Lair:1   | Reached skill level 3 in Armour
  9973 | Lair:1   | Reached skill level 4 in Armour
  9989 | Lair:1   | Got a twisted spear
  9990 | Lair:1   | Identified the +0 spear of Yesterday {drain, +Rage rC+ SInv} (You found it on level 1 of the Lair of Beasts)
 10070 | Lair:1   | Reached skill level 5 in Armour
 10162 | Lair:1   | Noticed a five-headed hydra
 10329 | D:11     | HP: 42/105 [water elemental (14)]
 10334 | D:11     | HP: 45/105 [howler monkey (1)]
 10565 | D:11     | Reached ***** piety under Makhleb
 10565 | D:11     | Reached skill level 6 in Armour
 10601 | D:11     | Found a staircase to the Orcish Mines.
 10627 | D:11     | Reached XP level 12. HP: 113/113 MP: 14/14
 10957 | D:11     | Reached skill level 7 in Armour
 10971 | D:11     | Reached skill level 13 in Fighting
 11576 | D:12     | Identified a scroll of acquirement
 11588 | D:11     | Reached skill level 6 in Dodging
 11597 | D:12     | Reached skill level 8 in Armour
 11926 | D:4      | Bought a scroll of enchant weapon for 232 gold pieces
 12172 | D:12     | Found a shimmering altar of Xom.
 12692 | Orc:1    | Entered Level 1 of the Orcish Mines
 12841 | Orc:1    | You fall through a shaft!
 12841 | Orc:2    | Entered Level 2 of the Orcish Mines
 12841 | Orc:2    | Found Lylanyog's Antique Weapon Shoppe.
 12841 | Orc:2    | Noticed an orc high priest
 12841 | Orc:2    | Noticed an orc warlord
 12851 | Orc:2    | Noticed an orc warlord
 13074 | Orc:2    | HP: 53/115 [orc warrior/mace (13)]
 13318 | D:13     | Noticed a centaur warrior
 13325 | D:13     | Killed a centaur warrior
 13325 | D:13     | Reached skill level 9 in Armour
 13345 | D:13     | Reached skill level 17 in Axes
 13402 | D:13     | Noticed Kirke
 13414 | D:13     | Killed Kirke
 13447 | D:13     | Reached XP level 13. HP: 111/123 MP: 15/15
 13473 | D:13     | Reached skill level 14 in Fighting
 13501 | D:13     | Reached ****** piety under Makhleb
 13856 | D:13     | Reached skill level 10 in Armour
 13887 | D:13     | Found Siutzidd's Assorted Antiques.
 13910 | D:13     | Bought 2 scrolls of enchant weapon for 465 gold pieces
 13910 | D:13     | Bought a grey potion for 27 gold pieces
 13912 | D:13     | Bought a potion of curing for 93 gold pieces
 14108 | D:13     | Bought a short bronze wand for 124 gold pieces
 14317 | D:14     | Reached skill level 18 in Axes
 14441 | D:14     | Found a gate to the Vaults.
 14572 | D:13     | Reached skill level 11 in Armour
 14841 | D:14     | Reached skill level 15 in Fighting
 14909 | D:14     | Learned a level 1 spell: Apportation
 14913 | D:14     | Learned a level 3 spell: Regeneration
 14925 | D:14     | Learned a level 3 spell: Lesser Beckoning
 15482 | Lair:1   | Reached XP level 14. HP: 134/135 MP: 16/16
 15484 | Lair:1   | Reached skill level 19 in Axes
 16802 | Lair:3   | Noticed Urug
 16819 | Lair:3   | Killed Urug
 16819 | Lair:3   | Reached skill level 12 in Armour
 17388 | Lair:3   | Found a staircase to the Snake Pit.
 17812 | Lair:4   | HP: 67/135 [poisoned by a black mamba]
 17817 | Lair:4   | HP: 65/135 [poisoned by a black mamba]
 17823 | Lair:4   | HP: 63/135 [poisoned by a black mamba]
 17829 | Lair:4   | HP: 62/135 [poisoned by a black mamba]
 17836 | Lair:4   | HP: 62/135 [poisoned by a black mamba]
 17844 | Lair:4   | HP: 62/135 [poisoned by a black mamba]
 18523 | Lair:4   | Found a staircase to the Swamp.
 18986 | Lair:5   | Found a staircase to the Slime Pits.
 18986 | Lair:5   | Found a viscous altar of Jiyva.
 19252 | Lair:5   | Reached skill level 20 in Axes
 19401 | Lair:5   | Got an encrusted flail
 19402 | Lair:5   | Lost intelligence.
 19402 | Lair:5   | Identified the +6 flail of the Mushroom {flame, rC+ rN+++ Int-5 SInv} (You found it on level 5 of the Lair of Beasts)
 19652 | Lair:6   | Entered Level 6 of the Lair of Beasts
 19696 | Lair:6   | Reached skill level 16 in Fighting
 19804 | Lair:6   | Reached skill level 13 in Armour
 19867 | Lair:6   | Reached XP level 15. HP: 135/145 MP: 7/17
 20144 | Lair:6   | HP: 67/145 [oklob plant/splash of acid (9)]
 20994 | Lair:6   | Reached skill level 14 in Armour
 21023 | Lair:6   | Found a large runed door.
 21024 | Lair:6   | Found a large runed door.
 21616 | Orc:1    | Killed an orc warlord
 21897 | Orc:2    | Paralysed by an orc sorcerer for 6 turns
 21906 | Orc:1    | HP: 67/146 [orc warlord/dire flail (12)]
 21910 | Orc:1    | Killed an orc warlord
 22139 | Orc:2    | HP: 68/146 [orc sorcerer/bolt of negative energy (29)]
 22910 | Orc:1    | Reached skill level 17 in Fighting
 23075 | Orc:2    | Found Utoczi's General Store.
 23106 | Orc:2    | Found Qoakic's Antique Armour Shop.
 23144 | Orc:2    | Reached skill level 15 in Armour
 23153 | Orc:2    | Bought a scroll of magic mapping for 59 gold pieces
 23153 | Orc:2    | Bought a scroll of identify for 34 gold pieces
 23184 | Orc:2    | Bought a bloodstained plate armour for 700 gold pieces
 23184 | Orc:2    | Identified the +4 plate armour of Ratih {rCorr Dex+4} (You bought it in a shop on level 2 of the Orcish Mines)
 23195 | Orc:2    | Found a staircase to the Elven Halls.
 23203 | Orc:2    | Found Parar's Jewellery Boutique.
 23521 | Orc:2    | Bought a +4 ring of strength for 432 gold pieces
 23754 | Swamp:1  | Entered Level 1 of the Swamp
 24003 | Swamp:1  | HP: 73/147 [poisoned by a swamp dragon (poison gas)]
 24008 | Swamp:1  | HP: 35/147 [poison (poison gas)]
 24028 | Swamp:1  | HP: 50/147 [four-headed hydra[a spriggan druid] (1)]
 24033 | Lair:4   | HP: 58/147 [eight-headed hydra[a spriggan druid] (1)]
 24334 | Swamp:1  | Noticed Aizul
 24478 | Swamp:1  | Killed Aizul
 24478 | Swamp:1  | Reached skill level 21 in Axes
 24505 | Swamp:1  | HP: 73/147 [poisoned by Aizul (bolt of poison)]
 24511 | Swamp:1  | HP: 72/147 [poisoned by Aizul (bolt of poison)]
 24517 | Swamp:1  | HP: 72/147 [poisoned by Aizul (bolt of poison)]
 24524 | Swamp:1  | HP: 73/147 [poisoned by Aizul (bolt of poison)]
 24532 | Swamp:1  | HP: 73/147 [poisoned by Aizul (bolt of poison)]
 25127 | Swamp:2  | Paralysed by a hornet for 3 turns
 25514 | Swamp:2  | Reached XP level 16. HP: 155/155 MP: 16/18
 25762 | Swamp:3  | Reached skill level 16 in Armour
 25824 | Swamp:3  | Paralysed by a hornet for 3 turns
 26572 | Swamp:4  | Entered Level 4 of the Swamp
 27060 | Swamp:4  | Reached skill level 18 in Fighting
 27084 | Swamp:3  | HP: 78/157 [poison (poison gas)]
 27090 | Swamp:3  | HP: 76/157 [poison (poison gas)]
 27095 | Swamp:3  | HP: 75/157 [poison (poison gas)]
 27101 | Swamp:3  | HP: 75/157 [poison (poison gas)]
 27109 | Swamp:3  | HP: 76/157 [poison (poison gas)]
 27815 | Swamp:3  | Reached skill level 17 in Armour
 28234 | Swamp:4  | Noticed a thorn hunter
 28247 | Swamp:4  | Killed a thorn hunter
 28247 | Swamp:4  | Reached skill level 22 in Axes
 28772 | Swamp:4  | Got a decaying rune of Zot
 29113 | D:15     | Entered Level 15 of the Dungeon
 29113 | D:15     | Noticed Agnes
 29127 | D:15     | Killed Agnes
 29269 | D:15     | Found a staircase to the Depths.
 29284 | D:15     | Reached skill level 7 in Dodging
 29358 | D:15     | Reached XP level 17. HP: 166/166 MP: 19/19
 29375 | D:15     | Found a portal to a secret trove of treasure.
 29484 | D:15     | Found a corrupted altar of Lugonu.
 29640 | D:15     | Found a deep blue altar of Sif Muna.
 29789 | D:15     | Noticed Blork the orc
 29791 | D:15     | Killed Blork the orc
 30217 | Snake:1  | Entered Level 1 of the Snake Pit
 30722 | Snake:1  | Reached skill level 8 in Dodging
 31693 | Snake:2  | HP: 82/166 [salamander/trident (12)]
 31698 | Snake:2  | HP: 60/166 [poisoned by a black mamba]
 31703 | Snake:2  | HP: 55/166 [poisoned by a black mamba]
 31708 | Snake:2  | HP: 52/166 [poisoned by a black mamba]
 31713 | Snake:2  | HP: 49/166 [poisoned by a black mamba]
 31719 | Snake:2  | HP: 49/166 [poisoned by a black mamba]
 31725 | Snake:2  | HP: 49/166 [poisoned by a black mamba]
 31733 | Snake:2  | HP: 50/166 [poisoned by a black mamba]
 32052 | Snake:2  | Reached skill level 23 in Axes
 32386 | Snake:2  | Reached skill level 18 in Armour
 32496 | Snake:3  | Noticed Asterion
 32666 | Snake:3  | Reached skill level 19 in Fighting
 32672 | Snake:3  | Reached skill level 9 in Dodging
 33193 | Snake:3  | Killed Asterion
 33296 | Snake:3  | Noticed Nikola
 33302 | Snake:3  | HP: 69/168 [Nikola/bolt of lightning (29)]
 33311 | Snake:3  | Killed Nikola
 33318 | Snake:3  | HP: 67/168 [mana viper (3)]
 33319 | Snake:3  | Reached XP level 18. HP: 88/176 MP: 0/20
 33323 | Snake:3  | HP: 76/176 [shock serpent/bolt of electricity (14)]
 34160 | Snake:4  | Entered Level 4 of the Snake Pit
 34160 | Snake:4  | Found Xyafuow's Antique Armour Shop.
 34210 | Snake:4  | HP: 87/176 [poisoned by a naga sharpshooter (splash of poison)]
 34215 | Snake:4  | HP: 56/176 [poisoned by a naga (splash of poison)]
 34217 | Snake:4  | HP: 19/176 [naga sharpshooter/bolt (16)]
 34222 | Snake:4  | HP: 18/176 [poisoned by a naga (splash of poison)]
 34227 | Snake:3  | HP: 18/176 [poisoned by a naga (splash of poison)]
 34234 | Snake:3  | HP: 18/176 [poisoned by a naga (splash of poison)]
 34242 | Snake:3  | HP: 20/176 [poisoned by a naga (splash of poison)]
 34649 | Snake:4  | Reached skill level 10 in Dodging
 34684 | Snake:4  | Found Poasoj's Antique Weapon Boutique.
 34755 | Snake:4  | Bought a polished plate armour for 784 gold pieces
 34755 | Snake:4  | Identified the cursed +0 plate armour of Gozag's Hatred {rF+ rN+ Regen+ Str+4} (You bought it in a shop on level 4 of the Snake Pit)
 34851 | Snake:4  | Found a burning altar of Makhleb.
 35011 | Snake:4  | Found Nic Fera's Distillery.
 35029 | Snake:4  | HP: 82/178 [naga warrior/glaive (21)]
 35034 | Snake:4  | HP: 73/178 [poisoned by a nagaraja (bolt of poison)]
 35039 | Snake:4  | HP: 37/178 [poisoned by a nagaraja (bolt of poison)]
 35044 | Snake:4  | HP: 32/178 [poisoned by a nagaraja (bolt of poison)]
 35045 | Snake:4  | Got a serpentine rune of Zot
 35049 | Snake:4  | HP: 48/178 [poisoned by a nagaraja (bolt of poison)]
 35055 | Snake:4  | HP: 63/178 [poisoned by a nagaraja (bolt of poison)]
 35060 | Snake:4  | HP: 63/178 [poisoned by a nagaraja (bolt of poison)]
 35065 | Snake:4  | HP: 64/178 [poisoned by a naga mage (splash of poison)]
 35070 | Snake:4  | HP: 40/178 [poisoned by a naga ritualist (toxic radiance)]
 35076 | Snake:4  | HP: 56/178 [poisoned by a naga ritualist (toxic radiance)]
 35180 | Snake:4  | Noticed xccam's ghost (adept GnWn)
 35182 | Snake:4  | Reached skill level 24 in Axes
 35254 | Snake:4  | Killed xccam's ghost
 35254 | Snake:4  | Reached skill level 20 in Fighting
 35338 | Snake:4  | Found Qekhler's Gadget Shop.
 35518 | Snake:4  | HP: 89/178 [naga sharpshooter/bolt (7)]
 35523 | Snake:4  | HP: 53/178 [poisoned by a naga sharpshooter (splash of poison)]
 35529 | Snake:4  | HP: 89/178 [poisoned by a naga sharpshooter (splash of poison)]
 35534 | Snake:4  | HP: 81/178 [poisoned by a naga sharpshooter (splash of poison)]
 35539 | Snake:4  | HP: 76/178 [poisoned by a naga sharpshooter (splash of poison)]
 35544 | Snake:4  | HP: 74/178 [poisoned by a naga sharpshooter (splash of poison)]
 35549 | Snake:4  | HP: 74/178 [poisoned by a naga sharpshooter (splash of poison)]
 35554 | Snake:4  | HP: 75/178 [poisoned by a naga sharpshooter (splash of poison)]
 35559 | Snake:4  | HP: 77/178 [poisoned by a naga sharpshooter (splash of poison)]
 35566 | Snake:4  | HP: 81/178 [poisoned by a naga sharpshooter (splash of poison)]
 35574 | Snake:4  | HP: 85/178 [poisoned by a naga sharpshooter (splash of poison)]
 35718 | Snake:4  | Bought 2 potions of heal wounds for 200 gold pieces
 35893 | Snake:4  | Found an ancient bone altar of Kikubaaqudgha.
 36205 | Vaults:1 | Entered Level 1 of the Vaults
 36288 | Vaults:1 | Reached skill level 19 in Armour
 36304 | Vaults:1 | Reached XP level 19. HP: 187/187 MP: 14/21
 36412 | Vaults:1 | Found a ruined gateway.
 36419 | Desolati | Entered the Desolation of Salt
 36620 | Desolati | Got a smoking crystal amulet
 36621 | Desolati | Identified the amulet "Pizorr" {RegenMP rF+ rN+ Stlth+} (You found it in the Desolation of Salt)
 36622 | Desolati | Identified the Almanac of the Mutagenic Arsonist
 36624 | Desolati | Identified the Grimoire of Supportive Necromancy
 36633 | Desolati | Got a vibrating iron amulet
 36634 | Desolati | Identified the amulet "Feoluhar" {Spirit *Slow +Fly Dex+4} (You found it in the Desolation of Salt)
 36770 | Desolati | Reached skill level 21 in Fighting
 36951 | Desolati | Identified the Almanac of Monotheism
 36972 | Desolati | Identified the Incunabulum of the Mountains
 36978 | Desolati | Identified Fupnos's Guide on Entrancing Clay
 36980 | Desolati | Identified the Almanac of Ghastly Toxins
 36982 | Desolati | Identified Taephe's Tome of Black Arts
 36988 | Desolati | Learned a level 3 spell: Spectral Weapon
 37049 | Desolati | Reached skill level 20 in Armour
 37202 | Vaults:1 | Reached skill level 25 in Axes
 37521 | Vaults:1 | Reached XP level 20. HP: 193/198 MP: 11/22
 37565 | Vaults:1 | Reached skill level 11 in Dodging
 37986 | Vaults:1 | HP: 100/200 [disintegration (24)]
 38131 | Vaults:1 | Reached skill level 22 in Fighting
 38345 | Vaults:1 | Found a deep blue altar of Sif Muna.
 38535 | Vaults:2 | Learned a level 5 spell: Dispel Undead
 38747 | Vaults:2 | Reached skill level 12 in Dodging
 38916 | Vaults:2 | Found Zimi's Armour Boutique.
 39824 | Vaults:2 | Paralysed by a hornet for 1 turns
 39828 | Vaults:2 | Reached skill level 26 in Axes
 39902 | Vaults:2 | Reached skill level 5 in Invocations
 39911 | Vaults:2 | Reached skill level 13 in Dodging
 39933 | Vaults:2 | Found a staircase to the Crypt.
 40037 | Vaults:3 | Reached skill level 6 in Invocations
 40314 | Vaults:3 | Reached XP level 21. HP: 207/207 MP: 23/25
 40353 | Vaults:3 | Reached skill level 7 in Invocations
 40446 | Vaults:3 | Reached skill level 14 in Dodging
 40470 | Vaults:3 | Reached skill level 8 in Invocations
 41266 | D:15     | You paid a toll of a +5 demon blade to enter a treasure trove
 41267 | Trove    | Entered a treasure trove
 41270 | Trove    | Found the cursed necklace of Bloodlust {*Rage +Rage MR++ Int-3 Slay+6 *Curse}
 41272 | Trove    | Got a twitching golden ring
 41276 | Trove    | Got a bound sapphire amulet
 41278 | Trove    | Got a faintly glowing lead amulet
 41280 | Trove    | Got a coiled copper ring
 41284 | Trove    | Got an ancient bone amulet
 41286 | Trove    | Got a vibrating silver amulet
 41288 | Trove    | Got a steaming bronze ring
 41292 | Trove    | Got a crude copper ring
 41294 | Trove    | Got a shimmering ruby amulet
 41301 | Trove    | Identified the amulet of Udgh {+Fly Regen+ Int+2} (You found it in a treasure trove)
 41302 | Trove    | Identified the amulet "Suinex" {Harm *Drain Str+3 Int+4} (You found it in a treasure trove)
 41303 | Trove    | Identified the amulet of Fanaticism {Acrobat rC- Slay+6} (You found it in a treasure trove)
 41305 | Trove    | Identified the amulet of Pragmatism {Regen+ Int+4} (You found it in a treasure trove)
 41306 | Trove    | Identified the amulet "Curghugg" {Faith -Tele MR+++ Str+3 Int+3} (You found it in a treasure trove)
 41324 | D:15     | Identified the ring "Suapeaci" {rCorr rElec rC+ Str+2} (You found it in a treasure trove)
 41325 | D:15     | Identified the ring of Canwer {Ice +Blink +Fly Int+4 Dex-3} (You found it in a treasure trove)
 41328 | D:15     | Identified the ring "Fuannev" {*Corrode Str+4 Int+4 Slay+1} (You found it in a treasure trove)
 41329 | D:15     | Identified the ring "Usairasmi" {rF+ MR++ Str+3 Int+3} (You found it in a treasure trove)
 41553 | Elf:1    | Entered Level 1 of the Elven Halls
 41623 | Elf:1    | Reached skill level 9 in Invocations
 41676 | Elf:1    | Found a frozen archway.
 41682 | IceCv    | Entered an ice cave
 41738 | IceCv    | Reached skill level 15 in Dodging
 41819 | IceCv    | Identified the Reference Book on Destructive Summoning
 41827 | IceCv    | Learned a level 5 spell: Aura of Abjuration
 42498 | Elf:2    | Found Mumeoret's Assorted Antiques.
 42524 | Elf:2    | Bought a scroll of fear for 119 gold pieces
 42524 | Elf:2    | Bought a scintillating lapis lazuli ring for 170 gold pieces
 42524 | Elf:2    | Identified the ring "Oclam" {*Contam rN++ Stlth+} (You bought it in a shop on level 2 of the Elven Halls)
 42586 | Elf:2    | Reached skill level 10 in Invocations
 42698 | Elf:2    | Found Veuz's Gadget Shop.
 42712 | Elf:2    | Found Lyngul's Jewellery Shoppe.
 42713 | Elf:2    | Found Ceceimof's Gadget Shop.
 42865 | Elf:2    | Found a runed gate.
 42865 | Elf:2    | Found a runed gate.
 42865 | Elf:2    | Found a runed gate.
 43275 | Elf:2    | Reached skill level 16 in Dodging
 43433 | Elf:3    | Entered Level 3 of the Elven Halls
 43482 | Elf:3    | Reached skill level 11 in Invocations
 43531 | Elf:3    | Found Guteg's Magic Scroll Shoppe.
 43538 | Elf:3    | Bought a scroll of magic mapping for 45 gold pieces
 43538 | Elf:3    | Bought a scroll of blinking for 97 gold pieces
 43538 | Elf:3    | Bought a scroll of blinking for 97 gold pieces
 43538 | Elf:3    | Bought a scroll of fog for 26 gold pieces
 43554 | Elf:3    | Found Qobrul's Distillery.
 43563 | Elf:3    | Found Lyludext's Assorted Antiques.
 43616 | Elf:3    | Found Boilufie's General Store.
 43802 | Elf:3    | Reached XP level 22. HP: 215/215 MP: 29/29
 43956 | Elf:3    | HP: 99/215 [???[a deep elf demonologist] (69)]
 43959 | Elf:3    | Reached skill level 12 in Invocations
 43970 | Elf:3    | HP: 100/215 [deep elf knight (9)]
 43975 | Elf:3    | HP: 57/215 [???[a deep elf demonologist] (41)]
 43980 | Elf:3    | HP: 31/215 [deep elf master archer/arrow (15)]
 44197 | Elf:3    | Got a vibrating silver ring
 44200 | Elf:3    | Identified the ring of the Many Scars {rElec rC+ AC+4} (You took it off a deep elf mage on level 3 of the Elven Halls)
 44235 | Elf:3    | Reached skill level 17 in Dodging
 44301 | Elf:3    | Identified Sif Muna's Incunabulum of Poison and Air
 44346 | Elf:3    | Identified the Volume of Supportive Hexes
 44348 | Elf:3    | Identified Sif Muna's Tome of Beguiling and Conjuration
 44386 | Elf:3    | Identified the ring "Zorazx Ippa" {Str+3 Dex+4} (You found it on level 3 of the Elven Halls)
 44552 | Elf:3    | Found Naleogiado's Antique Armour Boutique.
 44750 | Elf:3    | Bought 3 scrolls of brand weapon for 780 gold pieces
 45436 | Vaults:4 | Found Mac Xas's Magic Scroll Shop.
 45476 | Vaults:4 | Reached skill level 13 in Invocations
 45500 | Vaults:4 | Bought a scroll of blinking for 135 gold pieces
 45511 | Vaults:4 | Reached skill level 18 in Dodging
 45962 | Vaults:4 | HP: 84/217 [flayed ghost/flay_damage (32)]
 46181 | Vaults:4 | Reached skill level 19 in Dodging
 46186 | Vaults:4 | Reached XP level 23. HP: 225/225 MP: 27/32
 46532 | Elf:3    | Bought a potion of experience for 850 gold pieces
 46532 | Elf:3    | Reached skill level 14 in Invocations
 46532 | Elf:3    | Reached XP level 24. HP: 234/234 MP: 32/32
 46863 | Vaults:4 | Reached skill level 23 in Fighting
 47385 | Depths:1 | Entered Level 1 of the Depths
 47446 | Depths:1 | Found a gateway to a ziggurat.
 47449 | Depths:1 | Reached skill level 20 in Dodging
 47558 | Depths:1 | Found a one-way gate leading to the halls of Pandemonium.
 47769 | Depths:1 | Paralysed by a floating eye for 3 turns
 47976 | Depths:1 | Found a gateway to Hell.
 48522 | Depths:2 | Reached skill level 15 in Invocations
 48704 | Depths:2 | Reached skill level 1 in Necromancy
 48713 | Depths:2 | Reached skill level 1 in Spellcasting
 48779 | Depths:2 | Reached skill level 21 in Dodging
 48938 | Depths:2 | Found a corrupted altar of Lugonu.
 48938 | Depths:2 | Found a one-way gate to the infinite horrors of the Abyss.
 49356 | Depths:3 | Noticed a juggernaut
 49366 | Depths:3 | Killed a juggernaut
 49380 | Depths:3 | Reached skill level 2 in Necromancy
 49427 | Depths:3 | Reached skill level 2 in Spellcasting
 49433 | Depths:3 | HP: 113/237 [flayed ghost/flay_damage[a death knight] (40)]
 49486 | Depths:3 | Noticed Mennas
 49494 | Depths:3 | Paralysed by a floating eye for 4 turns
 49531 | Depths:3 | Killed Mennas
 49705 | Depths:3 | Got a scorched tin ring
 49706 | Depths:3 | Identified the ring of Modesty {Wiz *Drain rElec Dex+2 Stlth+} (You found it on level 3 of the Depths)
 49730 | Depths:3 | Reached skill level 3 in Necromancy
 49735 | Depths:3 | Got a wavering ruby amulet
 49736 | Depths:3 | Identified the amulet "Iruag" {RegenMP rN+ Str-4 Int+2} (You acquired it on level 3 of the Depths)
 49789 | Depths:3 | Got a steaming marble ring
 49790 | Depths:3 | Identified the ring "Nozuydag" {+Blink rC+} (You found it on level 3 of the Depths)
 49807 | Depths:3 | Reached skill level 3 in Spellcasting
 49812 | Depths:3 | Got a fine glass ring
 49814 | Depths:3 | Identified the ring "Ebluil" {rPois Str+5 SInv} (You found it on level 3 of the Depths)
 49857 | Depths:3 | Paralysed by a floating eye for 3 turns
 49912 | Depths:3 | Found Tust's Antique Weapon Emporium.
 49937 | Depths:3 | Reached XP level 25. HP: 245/245 MP: 33/33
 49959 | Depths:3 | Got a bound silver ring
 49962 | Depths:3 | Identified the ring of the Endless Coins {+Fly rC+ Int+4} (You found it on level 3 of the Depths)
 49987 | Depths:3 | Reached skill level 24 in Fighting
 50071 | Depths:3 | Reached skill level 4 in Necromancy
 50218 | Depths:3 | Found Leisymur's Food Emporium.
 50261 | Depths:3 | Learned a level 8 spell: Necromutation
 50274 | Depths:4 | Noticed Mara
 50330 | Depths:4 | Found a transporter.
 50330 | Depths:4 | Noticed a juggernaut
 50363 | Depths:4 | Killed Mara
 50363 | Depths:4 | Reached skill level 4 in Spellcasting
 50685 | Depths:4 | Found a white marble altar of Elyvilon.
 50693 | Depths:4 | Noticed the Enchantress
 50697 | Depths:4 | Reached skill level 16 in Invocations
 50721 | Depths:4 | Killed the Enchantress
 50786 | Depths:4 | Reached skill level 5 in Necromancy
 50874 | Depths:4 | Found a transporter.
 51267 | Depths:4 | Killed a juggernaut
 51269 | Depths:4 | Reached skill level 5 in Spellcasting
 51324 | Depths:4 | Got a pair of smoking boots
 51340 | Depths:4 | Identified the +2 pair of boots of Fiegig {Dex+4} (You found it on level 4 of the Depths)
 51360 | Depths:5 | Entered Level 5 of the Depths
 51547 | Depths:5 | Reached skill level 6 in Necromancy
 51667 | Depths:5 | Reached skill level 6 in Spellcasting
 51671 | Depths:5 | Found a gate to the Realm of Zot.
 52380 | Crypt:1  | Entered Level 1 of the Crypt
 52580 | Vaults:4 | Bought a scroll of magic mapping for 63 gold pieces
 52580 | Vaults:4 | Bought a scroll of enchant weapon for 135 gold pieces
 52580 | Vaults:4 | Bought a scroll of fog for 36 gold pieces
 52582 | Vaults:4 | Bought a scroll of teleportation for 54 gold pieces
 52582 | Vaults:4 | Bought a scroll of immolation for 63 gold pieces
 52582 | Vaults:4 | Bought a scroll of teleportation for 54 gold pieces
 52582 | Vaults:4 | Bought a scroll of identify for 36 gold pieces
 52741 | Crypt:1  | Reached XP level 26. HP: 160/257 MP: 29/34
 52836 | Crypt:1  | Reached skill level 7 in Necromancy
 53149 | Crypt:1  | Reached skill level 17 in Invocations
 53618 | Crypt:2  | Reached skill level 25 in Fighting
 53722 | Crypt:2  | Learned a level 2 spell: Song of Slaying
 54186 | Crypt:2  | Reached skill level 7 in Spellcasting
 54507 | Crypt:2  | Reached skill level 8 in Necromancy
 54633 | Crypt:3  | Entered Level 3 of the Crypt
 54863 | Crypt:3  | Found an ancient bone altar of Kikubaaqudgha.
 54906 | Crypt:3  | Reached skill level 8 in Spellcasting
 55003 | Crypt:3  | Reached skill level 9 in Necromancy
 55237 | Crypt:3  | Found a staircase to the Tomb.
 55242 | Crypt:3  | Noticed Jory
 55250 | Crypt:3  | Killed Jory
 55268 | Crypt:3  | Identified Xoeghe's Almanac of Conjuration and Beguiling
 55430 | Crypt:3  | Reached skill level 9 in Spellcasting
 55724 | Vaults:5 | Entered Level 5 of the Vaults
 55734 | Vaults:5 | Reached skill level 10 in Necromancy
 55793 | Vaults:5 | Reached skill level 10 in Spellcasting
 55793 | Vaults:5 | Reached XP level 27. HP: 266/266 MP: 6/36
 55822 | Vaults:5 | Reached skill level 11 in Necromancy
 55867 | Vaults:5 | Reached skill level 1 in Charms
 55884 | Vaults:5 | Reached skill level 2 in Charms
 56021 | Vaults:5 | Reached skill level 3 in Charms
 56057 | Vaults:5 | Reached skill level 11 in Spellcasting
 56154 | Vaults:5 | Reached skill level 1 in Hexes
 56214 | Vaults:5 | Got a silver rune of Zot
 56274 | Vaults:5 | Reached skill level 4 in Charms
 56486 | Vaults:5 | Reached skill level 2 in Hexes
 56668 | Vaults:5 | Got a crude platinum amulet
 56687 | Vaults:5 | Identified the amulet of the Cast Vote {Gourm rC+ MR+ MP+9 Int+3} (You found it on level 5 of the Vaults)
 56784 | Vaults:5 | Found the +2 pair of boots of the Assassin {Detection Stab+ Stlth++}
 56796 | Vaults:5 | Got a translucent copper ring
 56801 | Vaults:5 | Identified the Tome of Boosting Creation
 56827 | Vaults:5 | Identified the ring "Liap" {rF+ MR++ EV+2 Str+4 Dex-2} (You took it off an ironbrand convoker on level 5 of the Vaults)
 57212 | Zot:1    | Entered Level 1 of the Realm of Zot
 57516 | Zot:1    | Reached skill level 3 in Hexes
 58036 | Zot:2    | Reached skill level 5 in Charms
 58187 | Zot:2    | Reached skill level 4 in Hexes
 58469 | Zot:2    | Reached skill level 6 in Charms
 59185 | Zot:3    | Reached skill level 5 in Hexes
 59335 | Zot:3    | Found Fifuont's Changing Room.
 59820 | Zot:3    | Reached skill level 7 in Charms
 59831 | Zot:3    | Reached skill level 6 in Hexes
 60235 | Zot:4    | HP: 111/264 [??? (90)]
 60238 | Zot:4    | HP: 42/264 [shadow dragon/bolt of negative energy (51)]
 60439 | Zot:4    | HP: 132/266 [soul eater/drain life (10)]
 60618 | Zot:4    | Reached skill level 7 in Hexes
 60642 | Zot:4    | Reached skill level 8 in Charms
 60816 | Zot:4    | Reached skill level 12 in Spellcasting
 61146 | Zot:5    | Entered Level 5 of the Realm of Zot
 61251 | Zot:5    | Reached skill level 8 in Hexes
 61408 | Zot:5    | Noticed an ancient lich
 61424 | Zot:5    | Killed an ancient lich
 61424 | Zot:5    | Reached skill level 9 in Charms
 61467 | Zot:5    | Noticed an ancient lich
 61478 | Zot:5    | Killed an ancient lich
 61490 | Zot:5    | HP: 112/266 [??? (89)]
 61755 | Zot:5    | Noticed an orb of fire
 61937 | Depths:4 | Voluntarily entered the Abyss.
 61962 | Abyss:1  | Got a clouded steel amulet
 61963 | Abyss:1  | Identified the amulet of Vaefuuj {Reflect rC+ Dex+2 SH+3 SInv} (You acquired it on level 1 of the Abyss)
 61995 | Abyss:1  | Reached skill level 12 in Necromancy
 62056 | Abyss:3  | Found a corrupted altar of Lugonu.
 62090 | Abyss:4  | HP: 81/266 [lurking horror (68)]
 62100 | Abyss:4  | Got an abyssal rune of Zot
 62192 | Abyss:4  | HP: 88/266 [??? (80)]
 62286 | Depths:4 | Escaped the Abyss
 62693 | Slime:1  | Entered Level 1 of the Pits of Slime
 62702 | Slime:1  | Gained mutation: Your spells are a little easier to cast, but a little less powerful. [a shining eye]
 62910 | Slime:4  | Gained mutation: Potions are less effective at restoring your health. [a shining eye]
 62933 | Slime:5  | Entered Level 5 of the Pits of Slime
 62963 | Slime:5  | Noticed the Royal Jelly
 62972 | Slime:5  | Killed the Royal Jelly
 62972 | Slime:5  | Reached skill level 13 in Necromancy
 63011 | Slime:5  | Found the +6 arbalest "Damnation" {damnation}
 63045 | Slime:5  | Got a slimy rune of Zot
 63077 | Slime:5  | Got a faintly glowing ivory ring
 63078 | Slime:5  | Identified the ring "Gukhlomm" {+Fly Int+2 Stlth+} (You found it on level 5 of the Pits of Slime)
 63553 | Zig:1    | Entered Level 1 of a ziggurat
 63561 | Zig:1    | Learned a level 6 spell: Deflect Missiles
 63585 | Zig:2    | Entered Level 2 of a ziggurat
 63605 | Zig:3    | Entered Level 3 of a ziggurat
 63617 | Zig:3    | Reached skill level 13 in Spellcasting
 63639 | Zig:4    | Entered Level 4 of a ziggurat
 63644 | Zig:4    | Found the +7 Spriggan's Knife {MR+ EV+4 Dex+4 Stlth+}
 63681 | Zig:5    | Entered Level 5 of a ziggurat
 63751 | Zig:6    | Entered Level 6 of a ziggurat
 63792 | Zig:7    | Entered Level 7 of a ziggurat
 63801 | Zig:7    | Noticed Ludon the pandemonium lord
 63804 | Zig:7    | HP: 189/399 [efreet/bolt of fire (5)]
 63809 | Zig:7    | HP: 170/399 [balrug/demon whip (4)]
 63810 | Zig:7    | Reached skill level 14 in Necromancy
 63832 | Zig:7    | Killed Ludon the pandemonium lord
 63873 | Zig:7    | Found the +7 great mace "Undeadhunter" {disrupt, rN+}
 64054 | Zig:8    | Entered Level 8 of a ziggurat
 64063 | Zig:8    | Found the +4 moon troll leather armour {Spirit, Regen++ MP+5}
 64093 | Zig:8    | Got a serpentine jade ring
 64097 | Zig:8    | Identified the ring "Weluorow" {rElec Str+3 Stlth+} (You found it on level 8 of a ziggurat)
 64101 | Zig:8    | Identified the Handbook of Heat and Contamination
 64106 | Zig:9    | Entered Level 9 of a ziggurat
 64120 | Zig:9    | Found the +7 sceptre of Torment
 64139 | Zig:9    | HP: 131/266 [reaper/antimagic scythe (8)]
 64284 | Zig:10   | Entered Level 10 of a ziggurat
 64307 | Zig:10   | HP: 122/266 [deep elf master archer/arrow (20)]
 64312 | Zig:10   | HP: 74/266 [oklob plant/splash of acid (2)]
 64315 | Zig:10   | HP: 18/266 [deep elf master archer/arrow (24)]
 64315 | Zig:10   | Mangled by a glaive of chopping

Vanquished Creatures
  the Royal Jelly (Slime:5)
  Mennas (Depths:3)
  2 juggernauts
  Mara (Depths:4)
  2 ancient liches (Zot:5)
  A pandemonium lord (Zig:7)
  3 Killer Klowns
  A golden dragon (shapeshifter) (Vaults:5)
  Nikola (Snake:3)
  11 golden dragons
  3 curse toes
  A profane servitor (Crypt:3)
  Jory (Crypt:3)
  4 bone dragons
  the Enchantress (Depths:4)
  A Brimstone Fiend (Zig:9)
  An iron giant (Zig:6)
  3 electric golems (Zot:5)
  20 tentacled monstrosities
  An Ice Fiend (Zig:7)
  Asterion (Snake:3)
  4 Orb Guardians (Zot:5)
  4 liches
  3 deep elf blademasters
  2 deep elf master archers (Elf:3)
  A tentacled starspawn (Abyss:4)
  18 acid blobs
  5 quicksilver dragons
  Gastronok (D:8)
  7 sphinxes
  6 titans
  5 ancient champions
  A thorn hunter (Swamp:4)
  Agnes (D:15)
  A shadow dragon (shapeshifter) (Depths:5)
  9 death cobs
  The ghost of xccam the Gnoll Aeon, an adept GnWn of Cheibriados (Snake:4)
  10 tengu reavers
  Kirke (D:13)
  6 revenants
  9 storm dragons
  2 draconian monks
  8 azure jellies
  13 shadow dragons
  2 iron dragons
  8 nagarajas
  7 draconian scorchers
  12 fire giants
  2 orc warlords
  A ghost moth (shapeshifter) (Abyss:4)
  A ghost moth (Zot:3)
  3 deep elf sorcerers
  9 frost giants
  22 vault wardens
  Aizul (Swamp:1)
  3 imperial myrmidons (Desolation)
  4 balrugs
  6 draconian knights
  4 draconian annihilators
  2 draconian shifters
  A draconian stormcaller (Zot:2)
  5 deep elf elementalists
  2 ghouls
  3 spriggan defenders (Depths:4)
  19 ironheart preservers
  19 very ugly things
  2 reapers
  5 war gargoyles
  23 stone giants
  12 vampire knights
  4 green draconians
  An entropy weaver (Vaults:4)
  3 purple draconians
  10 deep elf demonologists
  4 red draconians
  10 deep elf annihilators
  7 yellow draconians
  3 spark wasps
  9 black draconians
  9 deep elf death magi
  5 white draconians
  17 ettins
  2 eidola
  3 merfolk javelineers
  7 death oozes
  A green death (Depths:1)
  6 crystal guardians
  A quicksilver dragon zombie (Crypt:1)
  24 jiangshi
  13 yaktaur captains
  7 ragged hierophants (Desolation)
  12 fire dragons
  4 rakshasas
  7 deep elf high priests
  17 great orbs of eyes
  A hell beast (Zig:7)
  57 vault guards
  A great orb of eyes (shapeshifter) (Abyss:4)
  12 peacekeepers
  21 naga warriors
  14 ice dragons
  A merfolk avatar (Zig:5)
  8 servants of whispers (Desolation)
  2 ghost crabs (Swamp:4)
  8 centaur warriors
  19 hydras
  4 spriggan air magi
  3 catoblepae
  A merfolk aquamancer (Zig:5)
  8 anacondas
  9 death knights
  A catoblepas (shapeshifter) (Abyss:4)
  29 dancing weapons
  16 ogre magi
  37 two-headed ogres
  7 deep troll shamans
  9 deep troll earth magi
  10 vampire magi
  5 death yaks (Lair:6)
  Urug (Lair:3)
  13 alligators
  2 spriggan berserkers
  4 tengu warriors
  The ghost of Nib the Covert, a novice OpAs of Okawaru (D:8)
  A storm dragon zombie (Zot:4)
  A shock serpent (shapeshifter) (Vaults:5)
  14 naga sharpshooters
  2 titan skeletons
  7 orc high priests
  8 soul eaters
  4 thrashing horrors (Abyss:4)
  28 deep elf knights
  7 shock serpents
  11 small abominations
  2 sun demons (Depths:5)
  2 golden dragon zombies
  2 wretched stars (Abyss:4)
  2 salamander mystics (Snake:3)
  A spatial maelstrom (Abyss:4)
  3 fire crabs
  38 skeletal warriors
  12 unseen horrors
  An unseen horror (shapeshifter) (Elf:3)
  2 death drakes (Zot:4)
  6 shadow wraiths
  10 flayed ghosts
  A torturous demonspawn (Depths:1)
  22 deep trolls
  A sea snake (shapeshifter) (Elf:2)
  A glowing orange brain (shapeshifter) (D:15)
  2 iron trolls
  3 spriggan druids
  2 wizards
  16 naga ritualists
  A swamp dragon (shapeshifter) (Vaults:1)
  2 tengu zombies (Vaults:3)
  18 deep elf archers
  18 orc knights
  8 glowing orange brains
  27 ironbrand convokers
  An obsidian statue (Depths:4)
  10 large abominations
  A lindwurm (Swamp:4)
  3 shambling mangroves
  10 necromancers
  7 oklob plants
  8 swamp dragons
  14 harpies
  3 fire giant zombies
  6 phantasmal warriors
  A wolf spider zombie (D:15)
  3 wolf spiders
  An iron dragon zombie (Crypt:1)
  71 deep elf magi
  15 mana vipers
  2 salamanders (shapeshifter)
  42 ugly things
  2 shadow dragon skeletons
  A mana viper (shapeshifter) (Vaults:1)
  A shining eye (Slime:4)
  2 manticores
  10 orc sorcerers
  A tengu skeleton (Zig:9)
  14 cyclopes
  A cyclops (shapeshifter) (Elf:3)
  16 salamanders
  5 guardian serpents
  A faun (shapeshifter) (Vaults:5)
  12 elephants
  53 black mambas
  6 fire giant skeletons
  17 moths of wrath
  4 human skeletons (Vaults:2)
  An iron dragon skeleton (Zig:9)
  3 frost giant skeletons
  A water nymph (shapeshifter) (Abyss:4)
  2 stone giant skeletons
  A black mamba (shapeshifter) (Vaults:5)
  3 eyes of devastation
  An eye of devastation (shapeshifter) (Depths:3)
  3 guardian serpents (shapeshifter)
  5 ice statues (IceCv)
  A hellion (Zig:9)
  2 smoke demons
  30 naga magi
  5 molten gargoyles
  The ghost of Goblin1989 the Insei, a novice GnTm (D:5)
  15 vault sentinels
  13 spiny frogs
  54 yaktaurs
  4 rime drakes
  A swamp worm zombie (Crypt:2)
  A yellow draconian zombie (Crypt:3)
  4 kobold demonologists (D:12)
  3 spectral deep trolls (Crypt:2)
  An emperor scorpion zombie (Crypt:2)
  A red devil (Zig:9)
  An efreet (Zig:7)
  16 freezing wraiths
  An anaconda simulacrum (IceCv)
  An ancient zyme (Abyss:1)
  A spark wasp simulacrum (Depths:2)
  A tormentor (Abyss:4)
  9 komodo dragons
  An ice devil (Depths:2)
  A troll (shapeshifter) (Vaults:3)
  A demonic crawler (Abyss:4)
  A merfolk (Zig:5)
  3 meliai
  A merfolk (shapeshifter) (Vaults:5)
  10 trolls
  A hornet (shapeshifter) (Depths:3)
  4 tengu conjurers
  12 tyrant leeches
  2 jumping spiders (shapeshifter)
  A tyrant leech (shapeshifter) (Vaults:1)
  57 saltlings
  5 bog bodies
  16 hornets
  10 hippogriffs
  A dream sheep (shapeshifter) (Depths:2)
  23 blink frogs
  2 snapping turtles (Zig:5)
  A hippogriff (shapeshifter) (Depths:5)
  An alligator zombie (Crypt:1)
  A snapping turtle (shapeshifter) (Vaults:5)
  61 slime creatures
  A redback (Vaults:4)
  5 air elementals
  A centaur simulacrum (D:15)
  2 ettin skeletons
  A vampire (D:14)
  60 flying skulls
  8 shadows
  6 starcursed masses (Abyss:1)
  6 spriggans
  An ettin zombie (Vaults:4)
  2 dire elephant simulacra (IceCv)
  A wind drake zombie (Crypt:2)
  9 water elementals
  4 fire bats (Swamp:4)
  3 basilisks
  10 wraiths
  A yak (shapeshifter) (Vaults:1)
  4 fire elementals
  A human (shapeshifter) (Vaults:4)
  A basilisk (shapeshifter) (Vaults:3)
  A hog (shapeshifter) (Vaults:3)
  5 hogs
  73 yaks
  A human (D:7)
  A hungry ghost (D:8)
  3 neqoxecs
  21 vampire mosquitoes
  A chaos spawn (Depths:4)
  10 wyverns
  3 golden eyes (Slime:3)
  An elf simulacrum (Depths:2)
  6 steam dragons
  2 harpy simulacra (IceCv)
  A swamp worm (shapeshifter) (Vaults:5)
  5 insubstantial wisps (Swamp:3)
  3 soldier ants
  17 swamp worms
  3 iron troll simulacra (IceCv)
  A monstrous demonspawn zombie (Crypt:1)
  52 nagas
  3 acid dragons
  A torturous demonspawn zombie (Crypt:1)
  6 wargs
  11 water moccasins
  An acid dragon (shapeshifter) (Vaults:1)
  6 hell hounds
  2 hydra simulacra
  9 porcupines
  A water nymph skeleton (Crypt:1)
  4 floating eyes
  4 human zombies
  2 black bears
  2 phantoms
  8 swamp drakes
  10 ice beasts
  36 orc warriors
  An ettin simulacrum (Vaults:3)
  A swamp dragon zombie (Crypt:2)
  6 necrophages
  A sky beast (D:5)
  12 boggarts
  3 black bears (shapeshifter)
  7 eyes of draining
  A fire dragon simulacrum (Crypt:2)
  29 ogres
  16 crocodiles
  A hog zombie (Crypt:2)
  19 wolves
  2 orc skeletons (Vaults:2)
  An elf skeleton (Vaults:2)
  15 centaurs
  A hog skeleton (Crypt:1)
  Blork the orc (D:15)
  7 big kobolds
  15 bullfrogs
  An earth elemental (Elf:3)
  A wyvern zombie (D:10)
  A komodo dragon skeleton (Crypt:1)
  3 scorpions
  A wyvern skeleton (D:11)
  2 human simulacra
  A snapping turtle simulacrum (Crypt:1)
  5 killer bees (D:12)
  A raiju skeleton (Crypt:1)
  13 wights
  6 electric eels
  7 howler monkeys
  5 lava snakes (Lair:6)
  11 crimson imps
  A bullfrog zombie (D:10)
  6 hounds
  5 bullfrog skeletons
  4 centaur zombies
  16 orc priests
  11 jellies
  17 orc wizards
  7 centaur skeletons
  6 iguanas
  An iron imp (Depths:1)
  15 worker ants
  A spriggan simulacrum (Crypt:1)
  A killer bee zombie (D:5)
  2 hound zombies
  8 mummies (Ossuary)
  2 howler monkey zombies (D:5)
  A gnoll (shapeshifter) (Elf:1)
  A worker ant zombie (D:7)
  10 gnolls
  11 adders
  5 shadow imps
  A swamp drake skeleton (Crypt:2)
  15 oozes
  2 iguana zombies (Crypt:2)
  3 adder skeletons
  An adder zombie (D:7)
  2 worms
  A dart slug (D:2)
  7 leopard geckos
  111 orcs
  A ball python (D:3)
  A bat skeleton (Crypt:1)
  4 giant cockroaches
  A gnoll zombie (Ossuary)
  8 goblins
  6 hobgoblins
  3 jackals (D:1)
  5 quokkas
  8 bats
  5 frilled lizards
  A frilled lizard skeleton (Crypt:2)
  2 hobgoblin zombies (Ossuary)
  30 kobolds
  3 kobold zombies (Ossuary)
  2 leopard gecko skeletons (D:6)
  A leopard gecko zombie (Crypt:2)
  2 orc zombies (Ossuary)
  5 rats
  8 briar patches (Swamp:4)
  A bush (Lair:6)
  2 crawling corpses (Elf:3)
  3 fungi
  2 lurking horrors (Abyss:4)
  7 plants
  2 starspawn tentacles (Abyss:4)
2906 creatures vanquished.

Vanquished Creatures (collateral kills)
  A Tzitzimitl (Zig:7)
  An orc warlord (Orc:1)
  A very ugly thing (Depths:4)
  A vampire knight (Depths:4)
  A naga warrior (Snake:4)
  A swamp dragon (Swamp:1)
  An infernal demonspawn (Zig:7)
  A shining eye (Slime:1)
  3 ugly things
  3 oklob plants (Lair:6)
  A rust devil (Zig:7)
  A spiny frog (Lair:2)
  A komodo dragon (Lair:3)
  3 slime creatures (Slime:2)
  A wraith (Crypt:3)
  A naga (Snake:4)
  A water moccasin (Lair:2)
  A human skeleton (Zig:9)
  An orc warrior (Orc:1)
  A crawling corpse (Elf:3)
26 creatures vanquished.

Vanquished Creatures (others)
  A storm dragon (Depths:4)
  A shadow dragon (Vaults:5)
  An ogre mage (Vaults:5)
  A hydra (Swamp:4)
  A deep elf knight (Elf:3)
  A large abomination (Elf:3)
  A deep elf mage (Zig:10)
  3 moths of wrath (Zot:5)
  A slime creature (Swamp:4)
  A water elemental (Zig:5)
  3 humans (D:13)
  A neqoxec (Abyss:4)
  A naga (Snake:3)
  2 swamp drakes (Swamp:4)
  A boggart (Depths:4)
  An orc priest (Orc:2)
  3 orc wizards (D:13)
  5 orcs
  A crawling corpse (Elf:3)
  5 fungi
  A lurking horror (Abyss:1)
  10 plants
  A spectral weapon (Slime:2)
47 creatures vanquished.

Grand Total: 2979 creatures vanquished

Table legend:
 A = Turns spent in this place as a percentage of turns spent in the entire game.
 B = Non-inter-level travel turns spent in this place as a percentage of non-inter-level travel turns spent in the entire game.
 C = Inter-level travel turns spent in this place as a percentage of turns spent in this place.
 D = Turns resting spent in this place as a percentage of non-inter-level travel turns spent in this place.
 E = Turns spent auto-exploring this place as a percentage of non-inter-level travel turns spent in this place.
 F = Non-inter-level travel turns spent in this place divided by the number of levels of this place that you've seen.
                   A       B       C       D       E      F
               +-------+-------+-------+-------+-------+----------------------
         Total | 100.0 | 100.0 |  11.6 |  19.2 |  56.0 | 748.2
       Dungeon |  25.4 |  23.4 |  18.7 |  20.7 |  58.7 | 885.3
        Temple |   0.1 |   0.0 |  46.3 |   0.0 |  59.1 |  22.0
          Lair |  12.4 |  12.2 |  12.6 |  24.7 |  59.0 | 1159.7
         Swamp |   7.6 |   8.0 |   6.8 |  35.7 |  44.2 | 1142.5
     Snake Pit |   9.0 |   9.8 |   3.8 |  36.7 |  41.3 | 1388.5
    Slime Pits |   0.8 |   0.8 |   9.1 |  23.3 |   2.9 |  90.0
  Orcish Mines |   4.0 |   4.0 |  10.7 |  60.0 |  21.5 | 1139.0
   Elven Halls |   4.9 |   5.0 |  10.6 |   8.2 |  59.0 | 944.0
        Vaults |  12.2 |  11.7 |  15.1 |   0.6 |  68.2 | 1335.2
         Crypt |   4.7 |   5.0 |   6.1 |   0.0 |  72.5 | 942.0
        Depths |   7.9 |   7.9 |  11.6 |   1.2 |  65.6 | 898.4
           Zot |   7.2 |   7.8 |   4.7 |   9.1 |  71.0 | 883.8
         Abyss |   0.5 |   0.6 |   0.0 |  15.5 |  21.5 |  87.2
      Ziggurat |   1.2 |   1.3 |   0.0 |  40.8 |  15.9 |  76.2
         Trove |   0.1 |   0.1 |   0.0 |   0.0 |  38.5 |  52.0
       Ossuary |   0.6 |   0.7 |   0.0 |  46.9 |  26.8 | 403.0
      Ice Cave |   0.3 |   0.3 |   0.0 |   0.0 |  26.2 | 191.0
    Desolation |   1.2 |   1.3 |   0.0 |   2.7 |  49.5 | 747.0
               +-------+-------+-------+-------+-------+----------------------
